 Dungeon Crawl Stone Soup version bcrawl-1.19-7-g22fd707d3b (webtiles) character file.

Game seed: 13568918062003506391

848 Freyura the Twirler (level 7, 0/54 HPs)
             Began as a Demonspawn Gladiator on Nov 16, 2019.
             Killed by nerve-wracking pain
             ... invoked by Menkaure
              (14 damage)
             ... on level 4 of the Dungeon.
             The game lasted 00:10:20 (3857 turns).

Freyura the Twirler (Demonspawn Gladiator)          Turns: 3857, Time: 00:10:21

Health: 0/54       AC:  3    Str: 15    XL:     7   Next: 69%
Magic:  7/7        EV: 13    Int:  9    God:
Gold:   177        SH:  0    Dex: 18    Spells: 6/6 levels left

rFire    . . .     SeeInvis +   a - +1 quarterstaff
rCold    . . .     Gourm    .   (shield currently unavailable)
rNeg     . . .     Faith    .   i - +0 ring mail
rPois    .         Spirit   .   (helmet restricted)
rElec    .         Reflect  .   (no cloak)
rCorr    .         Harm     .   (no gloves)
MR       .....                  (no boots)
Stlth    +.........             (no amulet)
HPRegen  0.18/turn              (no ring)
MPRegen  0.10/turn              (no ring)

@: no status effects
A: antennae 1, claws 2, hooves 2, see invisible, agile 1, deformed body, demonic
guardian 1
a: no special abilities


You were on level 4 of the Dungeon.
You were not hungry.

You visited 1 branch of the dungeon, and saw 4 of its levels.

You collected 177 gold pieces.

Inventory:

Hand Weapons
 a - a +1 quarterstaff (weapon)
Missiles
 d - 3 throwing nets (quivered) {!f}
Armour
 i - a +0 ring mail (worn)
Wands
 g - a wand of random effects (9)
Scrolls
 h - a scroll of fear {unknown}
 j - 2 scrolls of teleportation
 k - 2 scrolls of identify
 l - a scroll of remove curse
Potions
 b - a potion of heal wounds
 c - 2 potions of lignification {unknown}
 e - 2 potions of might {unknown}
 m - a potion of magic {unknown}
Comestibles
 f - 5 rations {!d}


   Skills:
 + Level 4.2 Fighting
 * Level 5.7 Staves
 - Level 1.7 Throwing
 + Level 3.2 Armour
 + Level 4.4 Dodging


You had 6 spell levels left.
You didn't know any spells.
Your spell library was empty.

Dungeon Overview and Level Annotations

Branches:
Dungeon (4/12)
 Temple: D:4-7

Altars:
Elyvilon
Uskayaw

Annotations:
D:4 Menkaure


Innate Abilities, Weirdness & Mutations

You have a pair of small antennae on your head.
You have very sharp fingernails.
You have hoof-like feet.
A weak demonic guardian rushes to your aid.
You have supernaturally acute eyesight. (SInv)
You are agile. (Dex +2)
Armour fits poorly on your strangely shaped body.


Message History

Menkaure seems to speed up.
Your white imp completely misses Menkaure.
You swap places.
Menkaure calls on the powers of darkness!
Your body is wracked with pain!
You are too injured to fight recklessly!
You are too injured to fight recklessly!
You are too injured to fight recklessly!
You are too injured to fight recklessly!
You are too injured to fight recklessly!
You hit Menkaure. Your kick misses Menkaure.
Menkaure is moderately damaged.
Menkaure hits you!
* * * LOW HITPOINT WARNING * * *
Your white imp hits Menkaure but does no damage.
You hit Menkaure but do no damage. You kick Menkaure.
Menkaure is moderately damaged.
Menkaure gestures at you while chanting.
Pain shoots through your body!
You die...

#.# #...# #.#{
#...# #.# #...#
#.# #...# #.#
##...#### #.##
#.#.##..#
###..###)..##..#
#..............#
#.##.##)#####.@#
#.##.##.#
#.5M....#
#.##.##.#
#.......#
#.##.##)#
#.###...#
#.##...[# #.#
...# #.#####..
... ...# ###.#
#.## ... #.#
....# #.# .###
.# ###.# #.#


You could see Menkaure and a friendly white imp.

Vanquished Creatures
  Grinder (D:4)
  2 sky beasts (D:4)
  3 crimson imps (D:4)
  A centaur zombie (D:3)
  2 hounds
  An iguana (D:4)
  2 orc wizards
  6 adders
  4 worms
  2 dart slugs (D:2)
  4 leopard geckos
  20 orcs
  2 bats (D:1)
  12 giant cockroaches
  6 goblins
  7 hobgoblins
  4 jackals (D:1)
  3 quokkas
  2 ball pythons (D:4)
  4 frilled lizards
  12 kobolds
  4 rats
104 creatures vanquished.

Vanquished Creatures (collateral kills)
  A crimson imp (D:4)
  A centaur zombie (D:4)
2 creatures vanquished.

Grand Total: 106 creatures vanquished

Notes
Turn   | Place    | Note
-------+----------+-------------------------------------------
     0 | D:1      | Freyura the Demonspawn Gladiator began the quest for the
                  | Orb.
     0 | D:1      | Reached XP level 1. HP: 16/16 MP: 1/1
   163 | D:1      | Gained mutation: You have large cloven feet. [demonic
                  | ancestry]
   163 | D:1      | Reached XP level 2. HP: 4/22 MP: 2/2
   443 | D:1      | Reached skill level 3 in Staves
  1049 | D:1      | Gained mutation: You have hoof-like feet. [demonic
                  | ancestry]
  1049 | D:1      | Reached XP level 3. HP: 26/28 MP: 3/3
  1185 | D:2      | Reached skill level 1 in Armour
  1475 | D:2      | Found a white marble altar of Elyvilon.
  1744 | D:3      | Gained mutation: You have sharp fingernails. [demonic
                  | ancestry]
  1744 | D:3      | Reached XP level 4. HP: 34/34 MP: 4/4
  1917 | D:3      | Reached skill level 4 in Staves
  1917 | D:3      | Gained mutation: A weak demonic guardian rushes to your
                  | aid. [demonic ancestry]
  1917 | D:3      | Reached XP level 5. HP: 40/40 MP: 5/5
  2187 | D:3      | Noticed a +0 hand axe
  2187 | D:3      | Noticed a +0 dagger
  2188 | D:3      | Found a hide-covered altar of Uskayaw.
  2987 | D:3      | Gained mutation: You are agile. (Dex +2) [potion of
                  | mutation]
  2987 | D:3      | Gained mutation: Armour fits poorly on your strangely
                  | shaped body. [potion of mutation]
  2987 | D:3      | Gained mutation: You have supernaturally acute eyesight.
                  | (SInv) [potion of mutation]
  2998 | D:4      | Noticed a sky beast
  3005 | D:4      | Killed a sky beast
  3005 | D:4      | Gained mutation: You have very sharp fingernails. [demonic
                  | ancestry]
  3005 | D:4      | Reached XP level 6. HP: 20/47 MP: 6/6
  3290 | D:4      | Noticed a sky beast
  3299 | D:4      | Killed a sky beast
  3299 | D:4      | Reached skill level 5 in Staves
  3299 | D:4      | Gained mutation: You have a pair of small antennae on your
                  | head. [demonic ancestry]
  3299 | D:4      | Reached XP level 7. HP: 39/53 MP: 7/7
  3444 | D:4      | Noticed Grinder
  3451 | D:4      | Paralysed by Grinder for 3 turns
  3462 | D:4      | Killed Grinder
  3848 | D:4      | Noticed Menkaure
  3857 | D:4      | Killed from afar by Menkaure

Skill      XL: |  1  2  3  4  5  6  7 |
---------------+----------------------+-----
Staves         | 3 4 5 |  5.7
Dodging        | 3 4 |  4.4
Armour         | 1 2 3 |  3.2
Fighting       | 3 4 |  4.2
Throwing       | |  1.7

Action                   |  1- 3 |  4- 6 |  7- 9 || total
-------------------------+-------+-------+-------++-------
Melee: Quarterstaff      |   124 |   132 |    44 ||   300
       Kick              |    23 |    32 |     8 ||    63
  Use: Scroll            |       |     6 |       ||     6
       Potion            |       |     1 |       ||     1
 Stab: Distracted        |       |       |     1 ||     1
  Eat: Chunk             |     2 |     6 |     2 ||    10
Armor: Leather armour    |    10 |       |       ||    10
       Ring mail         |    29 |    39 |     4 ||    72
Dodge: Dodged            |    98 |    82 |    23 ||   203
